 Dungeon Crawl Stone Soup version 0.19.0-19-g8c6edcc (webtiles) character file.

12628 Beargit the Destroyer (level 11, -2/74 HPs)
             Began as a Demigod Conjurer on Nov 12, 2016.
             Killed from afar by a hell knight (27 damage)
             ... with a bolt of fire
             ... on level 10 of the Dungeon.
             The game lasted 01:00:29 (17552 turns).

Beargit the Destroyer (Demigod Conjurer)           Turns: 17552, Time: 01:00:30

Health: -2/74      AC: 13    Str: 16    XL:     11   Next: 38%
Magic:  0/27       EV: 15    Int: 27    God:
Gold:   871        SH:  0    Dex: 20    Spells: 6 memorised, 7 levels left

rFire  . . .     SeeInvis .     u - +2 flail (protect)
rCold  . . .     Gourm    .     F - +5 scale mail "Toath" {Int+2 Dex+4}
rNeg   . . .     Faith    .     (no shield)
rPois  .         Spirit   +     (helmet restricted)
rElec  .         Reflect  .     (no cloak)
rCorr  .         Harm     .     G - +0 pair of gloves
MR     +....                    (no boots)
Stlth  +.........               h - amulet of guardian spirit
                                v - +5 ring of strength
                                H - +5 ring of evasion

@: very slightly contaminated, hasted, very quick
A: hooves 1, horns 1, high mp 1
a: no special abilities


You were on level 10 of the Dungeon.
You were not hungry.

You visited 1 branch of the dungeon, and saw 10 of its levels.
You also visited: Sewer and Ossuary.

You collected 871 gold pieces.

Inventory:

Hand Weapons
 u - a +2 flail of protection (weapon)
Armour
 F - the +5 scale mail "Toath" (worn) {Int+2 Dex+4}
   (You found it on level 7 of the Dungeon)

   It affects your intelligence (+2).
   It affects your dexterity (+4).
 G - a +0 pair of gloves (worn)
Jewellery
 h - an amulet of guardian spirit (around neck)
 v - a +5 ring of strength (right hand)
 H - a +5 ring of evasion (left hand)
Wands
 k - a wand of flame (5/48)
 n - a wand of confusion (41/48)
 J - a wand of lightning (11/15)
 L - a wand of flame (13/48)
 M - a wand of hasting (0/9)
Scrolls
 e - 4 scrolls of immolation
 m - 4 scrolls of remove curse {@r2}
 q - a scroll of fear
 r - 5 scrolls of amnesia
 s - a scroll of teleportation
 t - a scroll of magic mapping
 D - a scroll of enchant weapon
 E - a scroll of recharging
 I - a scroll of identify {@r1}
Potions
 a - 2 potions of agility
 d - 2 potions of curing {@q1}
 g - 2 potions of mutation
 j - 5 potions of flight
 l - 2 potions of ambrosia
 p - 4 potions of haste
 w - a potion of might
 x - a potion of lignification {unknown}
 A - a potion of brilliance
 B - 3 potions of heal wounds
 C - a potion of resistance {unknown}
Books
 b - a book of Conjurations

   Spells                             Type                      Level
   a - Magic Dart                     Conjuration                  1
   b - Searing Ray                    Conjuration                  2
   c - Dazzling Spray                 Conjuration/Hexes            3
   d - Fulminant Prism                Conjuration/Hexes            4
   e - Iskenderun's Mystic Blast      Conjuration                  4
   f - Iskenderun's Battlesphere      Conjuration/Charms           5
 z - a book of Misfortune

   Spells                             Type                      Level
   a - Confusing Touch                Hexes                        1
   b - Confuse                        Hexes                        3
   c - Gell's Gravitas                Hexes/Translocation          3
   d - Petrify                        Transmutation/Earth          4
   e - Metabolic Englaciation         Hexes/Ice                    5
   f - Yara's Violent Unravelling     Hexes/Transmutation          5
 N - a book of Geomancy

   Spells                             Type                      Level
   a - Sandblast                      Earth                        1
   b - Passwall                       Transmutation/Earth          2
   c - Stone Arrow                    Conjuration/Earth            3
   d - Petrify                        Transmutation/Earth          4
   e - Lee's Rapid Deconstruction     Earth                        5
Comestibles
 c - 10 bread rations
 i - 6 beef jerkies
 o - 2 fruits


   Skills:
 + Level 4.5 Armour
 - Level 1.7 Dodging
 - Level 1.7 Stealth
 + Level 8.3 Spellcasting
 * Level 12.2 Conjurations
 - Level 4.4 Hexes
 + Level 5.7 Charms


You had 7 spell levels left.
You knew the following spells:

 Your Spells              Type           Power        Failure   Level  Hunger
a - Magic Dart            Conj           ####         1%          1    None
b - Searing Ray           Conj           ######       1%          2    None
c - Dazzling Spray        Conj/Hex       ######       1%          3    None
d - Iskenderun's Mystic   Conj           ######..     1%          4    ##.....
e - Fulminant Prism       Conj/Hex       ######....   8%          4    ##.....
f - Iskenderun's Battles  Conj/Chrm      ######..     12%         5    ####...


Dungeon Overview and Level Annotations

Branches:
Dungeon (10/15)
 Temple: D:4-7         Lair: D:8-11         Orc: D:9-12

Annotations:
D:4 Grinder
D:8 jackrogers's ghost, novice CeFi


Innate Abilities, Weirdness & Mutations

You have an increased reservoir of magic. (+10% MP)
You have large cloven feet.
You have a pair of small horns on your head.


Message History

Things that are here:
a chain mail; a mace
Casting: Iskenderun's Mystic Blast
Confirm with . or Enter, or press ? or * to list all spells.
Aiming: Iskenderun's Mystic Blast
Press: ? - help, Shift-Dir - straight line, f/p - hell knight
Aim: a hell knight, wielding an enchanted great sword and wearing a plate armour (heavily wounded, blind)
The orb of energy hits the hell knight.
The hell knight is almost dead.
The orb of energy explodes!
Evoke which item? (* to show all) (? for menu, Esc to quit)
Zapping:
M - a wand of hasting {zapped: 1} (will waste charges)
Press: ? - help, Shift-Dir - straight line, f - you, p - hell knight You feel yourself speed up.
You are very lightly contaminated with residual magic.
Evoking this partially-identified wand wasted a few charges.
The hell knight is no longer blind.
The hell knight points at you and mumbles some strange words.
The bolt of fire hits you!
You die...

...#.# #.§§....##.#+###' ...#.#
#..§....##....... ...#.# #######
####.#####.......
.....####.....###.......##.#'#...
.....#....###.##...###...#...#...
.....#.##.#.#.##.....##..#...#...
.....#.#....)..#.#§...##.#...#...
...#(..##...##.#p#§§...#.#.).#...
...#[#......[#.#@##....###...#...
...#.##.#.#.##.#..##....##...#.##
...#(##.###....#...###.(##...#.#
.....##.....#####)...#####...#.#
.....#####.#### ####.## #.###.#
.....##.......## ##...## #.....#
..[..#.#.....#.###.....###.....#
...#.#..#...#..##...#...##....[#
..['.#...#.#...#...###...#.....#


You could see a hell knight.

Vanquished Creatures
  Josephine (D:10)
  A centaur warrior (D:10)
  Erica (D:10)
  Urug (D:10)
  2 hill giants (D:10)
  2 trolls
  3 hippogriffs
  Sigmund (D:3)
  A vampire (D:9)
  8 yaks
  A wyvern (D:9)
  2 wraiths (D:10)
  A hungry ghost (D:8)
  Menkaure (D:6)
  Edmund (D:5)
  4 sky beasts
  4 orc warriors
  A black bear (D:6)
  7 ogres
  2 ice beasts
  A necrophage (D:10)
  4 centaurs (D:10)
  A crocodile (D:10)
  5 bullfrogs
  Blork the orc (D:6)
  A wyvern skeleton (D:10)
  12 scorpions
  A water moccasin skeleton (D:4)
  15 killer bees
  4 wights (D:9)
  5 howler monkeys
  6 crimson imps
  2 jellies
  2 centaur zombies (Ossuary)
  4 orc priests
  7 hounds
  A human zombie (Ossuary)
  5 orc wizards
  4 bullfrog skeletons
  3 iguanas (D:6)
  7 worker ants
  3 big kobold zombies (Ossuary)
  2 hound skeletons
  4 mummies
  A howler monkey skeleton (D:10)
  A gnoll (shapeshifter) (D:10)
  4 gnolls (D:6)
  3 river rats
  16 adders
  5 scorpion zombies (Ossuary)
  A shadow imp (D:10)
  An ooze (D:2)
  An adder skeleton (D:7)
  An adder zombie (D:8)
  4 worms
  3 dart slugs (D:1)
  4 leopard geckos
  31 orcs
  13 giant cockroaches
  2 gnoll zombies (Ossuary)
  4 goblins
  10 hobgoblins
  24 jackals
  3 kobolds
  7 quokkas
  3 ball pythons
  4 bats
  13 frilled lizards
  A giant cockroach zombie (D:6)
  3 goblin zombies (Ossuary)
  2 hobgoblin zombies (D:4)
  3 kobold zombies
  A leopard gecko zombie (D:6)
  2 orc zombies
  11 rats
  A fulminant prism (D:6)
328 creatures vanquished.

Vanquished Creatures (others)
  A big kobold zombie (Ossuary)
  9 fulminant prisms
10 creatures vanquished.

Grand Total: 338 creatures vanquished

Notes
Turn   | Place    | Note
-------+----------+-------------------------------------------
     0 | D:1      | Beargit the Demigod Conjurer began the quest for the Orb.
     0 | D:1      | Reached XP level 1. HP: 14/14 MP: 5/5
   530 | D:1      | Reached XP level 2. HP: 20/20 MP: 7/7
   587 | D:1      | Reached skill level 4 in Conjurations
  1072 | D:1      | Learned a level 2 spell: Searing Ray
  1379 | D:2      | Reached XP level 3. HP: 26/26 MP: 5/9
  1464 | D:2      | Found a shimmering altar of Xom.
  1469 | D:2      | Found a shimmering altar of Xom.
  1478 | D:2      | Found a shimmering altar of Xom.
  2305 | D:2      | Reached XP level 4. HP: 33/33 MP: 7/10
  2753 | D:3      | Found a glowing drain.
  2763 | D:3      | Reached skill level 5 in Conjurations
  2787 | Sewer    | Entered a sewer
  3420 | Sewer    | Reached XP level 5. HP: 38/38 MP: 8/12
  3545 | D:3      | Learned a level 4 spell: Iskenderun's Mystic Blast
  3577 | D:3      | Noticed Sigmund
  4118 | D:4      | Noticed an ogre
  4128 | D:4      | Killed an ogre
  4218 | D:4      | Reached skill level 6 in Conjurations
  4218 | D:4      | Reached XP level 6. HP: 45/45 MP: 9/14
  4723 | D:4      | Noticed Grinder
  4728 | D:5      | Entered Level 5 of the Dungeon
  4877 | D:5      | Reached XP level 7. HP: 50/50 MP: 12/16
  4906 | D:5      | Learned a level 3 spell: Dazzling Spray
  5267 | D:5      | Reached skill level 7 in Conjurations
  5503 | D:5      | Reached skill level 1 in Hexes
  5624 | D:5      | Noticed Edmund
  5901 | D:5      | Killed Edmund
  6528 | D:5      | Gained mutation: You have large cloven feet. [mutagenic meat]
  6529 | D:5      | Gained mutation: You have a pair of small horns on your head. [mutagenic meat]
  6770 | D:5      | Reached XP level 8. HP: 57/57 MP: 11/18
  7090 | D:3      | Killed Sigmund
  7090 | D:3      | Reached skill level 5 in Spellcasting
  7090 | D:3      | Reached skill level 8 in Conjurations
  7617 | D:6      | Found a sacrificial altar of Ru.
  7649 | D:6      | Noticed Menkaure
  7664 | D:6      | Learned a level 4 spell: Fulminant Prism
  7667 | D:6      | Killed Menkaure
  7828 | D:6      | Found a sand-covered staircase.
  7869 | Ossuary  | Entered an ossuary
  8313 | Ossuary  | Reached skill level 9 in Conjurations
  9066 | D:6      | Reached XP level 9. HP: 27/62 MP: 4/21
  9330 | D:6      | Found a stormy altar of Qazlal.
  9331 | D:6      | Found a glowing silver altar of Zin.
  9661 | D:6      | Noticed Blork the orc
  9664 | D:6      | Killed Blork the orc
  9737 | D:6      | Learned a level 5 spell: Iskenderun's Battlesphere
  9809 | D:7      | Reached skill level 1 in Charms
  9944 | D:7      | Got a transparent scale mail
  9967 | D:7      | Identified the +5 scale mail "Toath" {Int+2 Dex+4} (You found it on level 7 of the Dungeon)
 10143 | D:7      | Reached skill level 10 in Conjurations
 11438 | D:8      | Noticed jackrogers's ghost (novice CeFi)
 12456 | D:9      | Reached XP level 10. HP: 67/69 MP: 11/24
 13127 | D:10     | Entered Level 10 of the Dungeon
 13146 | D:10     | Noticed a hill giant
 13151 | D:10     | Killed a hill giant
 13151 | D:10     | Reached skill level 1 in Armour
 13443 | D:10     | Noticed Urug
 13627 | D:9      | Reached skill level 11 in Conjurations
 14221 | D:10     | Noticed Erica
 14586 | D:10     | Noticed Josephine
 14599 | D:10     | Killed Josephine
 15393 | D:10     | Reached skill level 5 in Charms
 15463 | D:10     | Noticed an ice dragon
 15647 | D:10     | Killed Urug
 15647 | D:10     | Reached XP level 11. HP: 39/74 MP: 2/27
 15855 | D:9      | HP: 1/74 [ice dragon/blast of cold (26)]
 16198 | D:10     | Noticed a hill giant
 16199 | D:10     | Killed Erica
 16381 | D:10     | Noticed a hill giant
 16384 | D:10     | Killed a hill giant
 16508 | D:10     | Reached skill level 12 in Conjurations
 16632 | D:10     | Noticed a centaur warrior
 16648 | D:10     | Killed a centaur warrior
 16981 | D:10     | Noticed a swamp dragon
 16981 | D:10     | a water nymph changed into a swamp dragon
 16984 | D:10     | a swamp dragon changed into a cyclops
 16987 | D:10     | Noticed a swamp dragon
 16987 | D:10     | a merfolk changed into a swamp dragon
 16990 | D:10     | Noticed a deep troll
 16990 | D:10     | a swamp dragon changed into a deep troll
 17545 | D:10     | Noticed a hell knight
 17552 | D:10     | Killed from afar by a hell knight

Skill      XL: |  1  2  3  4  5  6  7  8  9 10 11 |
---------------+----------------------------------+-----
Spellcasting   | 2 3 4 5 7 8 |  8.3
Conjurations   | 4 5 6 7 9 10 11 12 | 12.2
Hexes          | 2 4 |  4.4
Charms         | 3 5 |  5.7
Armour         | 3 4 |  4.5
Dodging        | |  1.7
Stealth        | |  1.7

Action                   |  1- 3 |  4- 6 |  7- 9 | 10-12 || total
-------------------------+-------+-------+-------+-------++-------
Melee: Club              |    41 |    54 |    40 |       ||   135
       Unarmed           |     1 |       |       |       ||     1
       Flail             |       |       |   100 |    87 ||   187
       Kick              |       |       |    44 |    28 ||    72
       Headbutt          |       |       |    21 |    26 ||    47
 Cast: Magic Dart        |    49 |    38 |    83 |     7 ||   177
       Searing Ray       |    13 |    35 |    95 |    17 ||   160
       Iskenderun's Myst |       |     1 |    15 |    93 ||   109
       Dazzling Spray    |       |       |     9 |    13 ||    22
       Fulminant Prism   |       |       |     2 |     8 ||    10
Evoke: Wand              |       |       |     8 |     2 ||    10
  Use: Scroll            |       |     7 |    15 |    11 ||    33
       Potion            |       |       |     2 |     6 ||     8
 Stab: Sleeping          |     3 |     1 |       |       ||     4
  Eat: Chunk             |     5 |     9 |    13 |    12 ||    39
       Fruit             |       |     1 |     1 |       ||     2
       Meat ration       |       |       |     3 |     1 ||     4
       Royal jelly       |       |       |       |     1 ||     1
       Beef jerky        |       |       |       |     1 ||     1
Armor: Leather armour    |    17 |    25 |    53 |       ||    95
       Scale mail        |       |       |    51 |    88 ||   139
Dodge: Dodged            |    58 |    73 |   186 |   143 ||   460
